 Dungeon Crawl Stone Soup version 0.22.1-1-ga44c0e5 (webtiles) character file.

66 geeseburger the Sneak (level 3, 0/18 HPs)
             Began as a Spriggan Assassin on Oct 7, 2018.
             Was an Initiate of Dithmenos.
             Slain by an adder (3 damage)
             ... on level 2 of the Dungeon.
             The game lasted 00:03:30 (2395 turns).

geeseburger the Sneak (Spriggan Assassin)           Turns: 2395, Time: 00:03:32

Health: 0/18       AC:  3    Str:  5 (7)  XL:     3   Next: 96%
Magic:  4/4        EV: 19    Int:  9 (12) God:    Dithmenos [......]
Gold:   56         SH:  0    Dex: 17 (18) Spells: 2/2 levels left

rFire    . . .     SeeInvis +   h - +2 short sword (venom)
rCold    . . .     Gourm    .   (shield restricted)
rNeg     . . .     Faith    .   c - +0 robe
rPois    .         Spirit   .   (helmet restricted)
rElec    .         Reflect  .   d - +0 cloak
rCorr    .         Harm     .   (gloves unavailable)
MR       .....                  (boots unavailable)
Stlth    +++.......             (no amulet)
HPRegen  0.06/turn              (no ring)
MPRegen  0.09/turn              (no ring)

@: lethally poisoned (0 -> -2), very quick
A: very small, unfitting armour, see invisible, herbivore, speed 3, slow
metabolism 2
a: Renounce Religion


You were on level 2 of the Dungeon.
You worshipped Dithmenos.
Dithmenos was noncommittal.
You were not hungry.

You visited 1 branch of the dungeon, and saw 2 of its levels.

You collected 56 gold pieces.

Inventory:

Hand Weapons
 a - a +2 dagger
 b - a +0 blowgun
 h - a +2 short sword of venom (weapon)
 n - a +0 short sword of draining
Missiles
 e - 8 poisoned needles
 f - 2 curare-tipped needles
Armour
 c - a +0 robe (worn)
 d - a +0 cloak (worn)
Scrolls
 i - a scroll of identify {unknown}
 j - 3 scrolls of remove curse {unknown}
Comestibles
 g - 5 rations


   Skills:
 + Level 2.2 Fighting
 - Level 2.1 Short Blades
 - Level 2.0 Throwing
 * Level 4.1 Dodging
 + Level 6.5 Stealth


You had 2 spell levels left.
You didn't know any spells.
Your spell library was empty.

Dungeon Overview and Level Annotations

Branches:
Dungeon (2/15)

Altars:
Dithmenos


Innate Abilities, Weirdness & Mutations

You are very small and have problems with some larger weapons.
You are too small for most types of armour.
You have supernaturally acute eyesight. (SInv)
You are a herbivore.
You cover ground extremely quickly.
You need to consume almost no food.


Message History

* * * LOW HITPOINT WARNING * * *
You closely miss the adder.
The adder is moderately wounded.
You feel sick. The adder misses you. The adder completely misses you.
You barely miss the adder.
The adder is moderately wounded.
The adder misses you.
You hit the adder.
The adder is heavily wounded.
The adder closely misses you.
You miss the adder.
The adder is severely wounded.
The adder completely misses you. The adder barely misses you.
You completely miss the adder.
The adder is severely wounded.
You feel sick. The adder misses you.
You miss the adder.
The adder is severely wounded.
The adder bites you.
You die...

##.....## ####.#
##...## #.# ##+## ####
#.# .. ..# #.# #.# #.#
#.# ##.#######.####.#
#######...##.....)....#
#...$..S.........######
##.####.@..##.#####
....../.#.###.#
##.###$.#####.#
#........#
#......####### ########


You could see an adder.

Vanquished Creatures
  2 adders (D:2)
  A worm (D:2)
  2 leopard geckos
  5 bats
  2 giant cockroaches
  2 hobgoblins (D:1)
  2 quokkas (D:2)
  A ball python (D:2)
  2 frilled lizards (D:2)
  8 goblins
  10 kobolds
  5 rats (D:1)
42 creatures vanquished.

Notes
Turn   | Place    | Note
-------+----------+-------------------------------------------
     0 | D:1      | geeseburger the Spriggan Assassin began the quest for the
                  | Orb.
     0 | D:1      | Reached XP level 1. HP: 10/10 MP: 2/2
     0 | D:1      | Noticed a tentacled monstrosity
     0 | D:1      | Noticed a shadow dragon
     0 | D:1      | Noticed a green draconian
     1 | D:1      | Noticed an orb of fire
     7 | D:1      | Noticed a large abomination
     8 | D:1      | Noticed an orb of fire
    10 | D:1      | Noticed a tentacled monstrosity
    12 | D:1      | Noticed an orb of fire
    13 | D:1      | Noticed an orb of fire
    14 | D:1      | Noticed an iron dragon
    14 | D:1      | Noticed a shadow dragon
    16 | D:1      | Noticed a tentacled monstrosity
    16 | D:1      | Noticed a tentacled monstrosity
    18 | D:1      | Noticed a tentacled monstrosity
    18 | D:1      | Noticed a black draconian
    70 | D:1      | Reached skill level 6 in Stealth
    85 | D:1      | Reached XP level 2. HP: 11/15 MP: 3/3
  1131 | D:2      | Reached XP level 3. HP: 12/18 MP: 4/4
  1396 | D:2      | Found a shadowy altar of Dithmenos.
  1453 | D:2      | Became a worshipper of Dithmenos the Shadowed
  2395 | D:2      | Slain by an adder

Skill      XL: |  1  2  3 |
---------------+----------+-----
Dodging        | 2 3 4 |  4.1
Stealth        | 6 |  6.5
Fighting       | 2 |  2.2
Short Blades   | |  2.1
Throwing       | |  2.0

Action                   || total
-------------------------++-------
Melee: Dagger            ||    60
       Short sword       ||    66
  Use: Scroll            ||     2
       Potion            ||     4
 Stab: Sleeping          ||    13
Armor: Robe              ||    10
Dodge: Dodged            ||    92
